 Dungeon Crawl Stone Soup version 0.31-a0-876-gfe8ebadbca (webtiles) character file.

Game seed: 18439941104029784100

6573 BinkBink the Skirmisher (level 11, -3/68 HPs)
             Began as a Tengu Hunter on Oct 14, 2023.
             Was a Priest of Dithmenos.
             Killed from afar by a deep elf knight (21 damage)
             ... with a shard of ice
             ... on level 9 of the Dungeon.
             The game lasted 00:25:08 (11715 turns).

BinkBink the Skirmisher (Tengu Hunter)             Turns: 11715, Time: 00:25:12

Health: -3/68      AC:  7    Str: 10 (11) XL:     11   Next: 1%
Magic:  12/12      EV: 21    Int:  9 (10) God:    Dithmenos [***...]
Gold:   174        SH:  4    Dex: 25 (28) Spells: 10/10 levels left

rFire   . . .        z - +2 demon blade (venom)
rCold   . . .        (no shield)
rNeg    . . .        H - +1 swamp dragon scales
rPois   +            (helmet restricted)
rElec   .            (no cloak)
rCorr   .            h - +1 Delatra's gloves {ID++}
SInv    .            (boots unavailable)
Will    +....        (no amulet)
Stlth   ++           i - ring of willpower
HPRegen 0.31/turn    D - +6 ring of dexterity
MPRegen 0.13/turn

%: acrobat
@: flying, wreathed by umbra
A: beak, talons 3, evasive flight, acrobatic, large bone plates 1, deformed
body, deterioration 1, inability to drink after injury 1
a: Renounce Religion, Shadow Step


You were on level 9 of the Dungeon.
You worshipped Dithmenos.
Dithmenos was most pleased with you.
You visited 2 branches of the dungeon, and saw 10 of its levels.
You also visited: Ossuary.

You collected 534 gold pieces.
You spent 360 gold pieces at shops.

Inventory:

Hand Weapons
 a - a +1 shortbow
 z - a +2 demon blade of venom (weapon)
 E - a +3 long sword
Armour
 c - a +0 leather armour
 d - a +1 pair of gloves
 h - the +1 Delatra's gloves (worn) {ID++}
   (You found it on level 3 of the Dungeon)

   ID++:      It heals its wearer when they drink unknown potions, and restores
   their MP when they read unknown scrolls.
 B - the +0 pair of gloves of Liberty {SInv}
   (You found it on level 5 of the Dungeon)

   SInv:      It lets you see invisible.
 H - +1 swamp dragon scales (worn)
Jewellery
 b - a ring of fire
 i - a ring of willpower (left hand)
 x - a ring of resist corrosion
 A - a ring of poison resistance
 D - a +6 ring of dexterity (right hand)
 G - a +4 ring of slaying
 I - an amulet of guardian spirit
Talismans
 m - a beast talisman
Wands
 l - a wand of charming (8)
 o - a wand of mindburst (17)
Scrolls
 e - 2 scrolls of poison
 j - 3 scrolls of fog
 k - 2 scrolls of identify
 n - a scroll of amnesia
 r - a scroll of noise {unknown}
 s - a scroll of vulnerability {unknown}
 t - a scroll of enchant armour
 v - 2 scrolls of fear {unknown}
 w - a scroll of torment {unknown}
 y - 2 scrolls of teleportation {unknown}
 F - 4 scrolls of revelation
Potions
 f - a potion of brilliance
 g - 3 potions of might
 p - 6 potions of curing
 q - a potion of lignification
 u - a potion of magic
 C - a potion of degeneration {unknown}


   Skills:
 + Level 8.2 Fighting
 * Level 5.5 Long Blades
 - Level 12.2 Ranged Weapons
 + Level 1.9 Armour
 + Level 9.1 Dodging
 - Level 1.0 Stealth


You had 10 spell levels left.
You didn't know any spells.
Your spell library contained the following spells:

 Spells                   Type           Power      Damage    Failure   Level
 Cigotuvi's Dreadful Rot  Necr/Pois/Air  0%         N/A       83%         2
 Animate Armour           Summ/Erth      0%         N/A       100%        4
 Leda's Liquefaction      Hex/Erth       0%         N/A       100%        4
 Alistair's Intoxication  Tmut/Pois      0%         N/A       100%        5
 Borgnjor's Vile Clutch   Necr/Erth      0%         N/A       100%        5
 Lee's Rapid Deconstruct  Erth           0%         3d4*      100%        5
 Bombard                  Conj/Erth      0%         9d1       100%        6
 Eringya's Noxious Bog    Tmut/Pois      0%         4d6       100%        6
 Spellforged Servitor     Conj/Summ      0%         N/A       100%        7


Dungeon Overview and Level Annotations

Branches:
Dungeon (9/15)             Temple (1/1) D:4         Ossuary (visited)
   Lair: D:8-11         Orc: D:9-12

Altars:
Ashenzari
Cheibriados
Dithmenos
Elyvilon
Fedhas
Gozag
Hepliaklqana
Kikubaaqudgha
Nemelex Xobeh
Okawaru
Qazlal
Ru
Sif Muna
Uskayaw
Vehumet
Wu Jian
Yredelemnul
Zin
The Shining One

Shops:
D:1 [   D:5 ((::

Annotations:
D:3 2 transporters, kuniqs's ghost, amateur GnFi
D:7 4 runed translucent doors, Crazy Yiuf


Innate Abilities, Weirdness & Mutations

You have a beak for a mouth.
You have claws for feet.
Your magical flight helps you evade attacks. (EV +4)
You can magically evade attacks while moving or waiting.
You are partially covered in large bone plates. (SH +4)
Armour fits poorly on your strangely shaped body.
Your body sometimes deteriorates upon taking damage.
You occasionally lose the ability to drink potions when taking damage.


Message History

You kill the jumping spider!
Dithmenos accepts your kill.
You have reached level 11!
You start waiting.
Done waiting.
You reach down and open the large door.
A cyclops and a deep elf knight come into view.
Found a blackened ruby ring and a runed short sword.
The deep elf knight completely misses you.
The deep elf knight attacks as it pursues you!
The deep elf knight hits you with a +0 short sword!
The deep elf knight mumbles some strange words.
The deep elf knight flickers and vanishes!
Deactivating autopickup; reactivate with Ctrl-A.
You hear a shout!
You hear some strange, mumbled words.
A lance of force appears from out of thin air!
The lance of force misses you.
You hear some strange, mumbled words.
You see here a +0 shortbow.
You hear some strange, mumbled words.
A shard of ice appears from out of thin air!
You block the shard of ice. Something hits you. x2
You block something's attack.
You hear some strange, mumbled words.
A shard of ice appears from out of thin air!
The shard of ice hits you!!!
Ouch! That really hurt!
* * * LOW HITPOINT WARNING * * *
You emit a cloud of dark smoke.
As you read the scroll labelled YDYCKAK KEUHU, it crumbles to dust.
It is a scroll of amnesia.
You feel forgetful for a moment.
The energy of discovery flows from your fingertips!
Magic courses through your body.
You hear some strange, mumbled words.
A shard of ice appears from out of thin air!
The shard of ice hits you!!
You die...

♣.............♣#♣.≈.♣#
♣.♣♣♣♣♣♣♣♣♣♣♣.♣#.≈≈≈.#
♣.♣.).......♣.♣#.≈≈≈.# ♣
♣.♣.♣♣♣♣♣♣♣.♣.♣#.≈≈≈.# ♣♣~
♣.♣.♣#####♣.♣.♣#.≈~≈.#
P~≈~♣♣.♣.♣#....♣§♣.♣♣♣~≈~♣#
~P~....♣.♣#''#.♣§♣....≈)≈.#
♣♣~♣♣♣.♣.♣#C.#.♣{♣♣♣♣♣~≈~♣#
♣.♣.♣#=)#.♣@♣ #.≈~≈.#
♣.♣.♣####.♣§♣ #.≈≈≈.#
♣.♣.......♣§♣ #.≈≈≈.#
♣.♣♣♣♣♣♣♣♣♣.♣ #.≈≈≈.#
♣...........♣ #♣.≈.♣#
♣♣♣♣♣♣♣.♣♣♣♣♣ ♣♣.♣♣ #.# ..#
# ####


There were no monsters in sight!

Vanquished Creatures
  Joseph (D:7)
  Maggie (D:8)
  A hornet (D:9)
  A jumping spider (shapeshifter) (D:9)
  An unseen horror simulacrum (D:9)
  6 yaks
  Menkaure (D:7)
  Duvessa (D:6)
  A water moccasin (D:6)
  2 ice beasts (D:6)
  2 orc warriors
  2 sky beasts (D:6)
  4 black bears
  3 ogres
  5 centaurs
  2 kobold brigands
  2 elf zombies (D:4)
  3 bullfrogs
  A necrophage (D:5)
  A wyvern zombie (D:5)
  A scorpion (D:4)
  6 wights
  Dowan (D:6)
  2 howler monkeys
  5 centaur zombies
  A bullfrog zombie (D:5)
  4 human zombies
  5 orc priests
  9 hounds
  2 jellies (D:4)
  A gnoll bouda (D:8)
  3 sleepcaps
  4 iguanas
  2 human skeletons (D:4)
  7 orc wizards
  A killer bee zombie (D:5)
  3 mummies (Ossuary)
  3 hound zombies
  2 howler monkey zombies (D:5)
  Robin (D:2)
  5 gnolls
  8 adders
  2 white imps
  2 ufetubi
  3 adder zombies
  3 worms
  2 dart slugs (D:5)
  34 orcs
  5 endoplasms
  5 giant cockroaches
  2 gnoll zombies (Ossuary)
  16 goblins
  8 hobgoblins
  7 jackals
  11 kobolds
  A quokka (D:1)
  5 ball pythons
  7 bats
  A frilled lizard (D:3)
  3 goblin zombies (Ossuary)
  2 hobgoblin zombies (Ossuary)
  2 jackal zombies (Ossuary)
  4 kobold zombies (Ossuary)
  An orc skeleton (D:4)
  An orc zombie (Ossuary)
  4 quokka zombies (Ossuary)
  4 rats
  5 rat zombies (Ossuary)
257 creatures vanquished.

Vanquished Creatures (others)
  An orc wizard (D:8)
  A butterfly (D:3)
2 creatures vanquished.

Grand Total: 259 creatures vanquished

Notes
Turn   | Place    | Note
-------+----------+-------------------------------------------
     0 | D:1      | BinkBink the Tengu Hunter began the quest for the Orb.
     0 | D:1      | Reached XP level 1. HP: 12/12 MP: 2/2
    75 | D:1      | Reached XP level 2. HP: 17/17 MP: 3/3
   219 | D:1      | Found Feplataurch's Armour Shop.
   368 | D:1      | Reached XP level 3. HP: 18/22 MP: 4/4
   606 | D:2      | Reached skill level 5 in Ranged Weapons
   843 | D:2      | Noticed Robin
   856 | D:2      | Reached XP level 4. HP: 26/27 MP: 5/5
   866 | D:2      | Killed Robin
  1738 | D:3      | Found the +1 Delatra's gloves {ID++}
  1743 | D:3      | Found a transporter.
  1773 | D:3      | Found a transporter.
  1776 | D:3      | Noticed kuniqs's ghost (amateur GnFi)
  1911 | D:3      | Found a faded altar of an unknown god.
  2044 | D:3      | Reached XP level 5. HP: 27/32 MP: 6/6
  2196 | D:3      | Found a white marble altar of Elyvilon.
  2291 | D:3      | Found a sparkling altar of Nemelex Xobeh.
  2457 | D:4      | Found a broken altar of Ashenzari.
  2469 | D:4      | Found an opulent altar of Gozag.
  2555 | D:4      | Reached skill level 6 in Ranged Weapons
  2752 | D:4      | Reached XP level 6. HP: 35/37 MP: 7/7
  2830 | D:4      | Found a sand-covered staircase.
  2842 | Ossuary  | Entered an ossuary
  3122 | Ossuary  | Reached skill level 7 in Ranged Weapons
  3122 | Ossuary  | Gained mutation: Your magical flight helps you evade
                  | attacks. (EV +4) [Tengu growth]
  3122 | Ossuary  | Reached XP level 7. HP: 40/42 MP: 8/8
  3663 | D:4      | Reached skill level 5 in Dodging
  3884 | D:4      | Reached skill level 8 in Ranged Weapons
  3975 | D:4      | Found a staircase to the Ecumenical Temple.
  3997 | D:4      | Reached XP level 8. HP: 47/48 MP: 9/9
  4028 | Temple   | Entered the Ecumenical Temple
  4053 | Temple   | Became a worshipper of Dithmenos the Shadowed
  4326 | D:5      | Entered Level 5 of the Dungeon
  4404 | D:5      | Found Ussu's Book Emporium.
  4410 | D:5      | Reached skill level 5 in Fighting
  4413 | D:5      | Found Lecen's Weapon Shoppe.
  4451 | D:5      | Found Ypniuh's Book Shop.
  4457 | D:5      | Identified the +0 pair of gloves of Liberty {SInv}
  4507 | D:5      | Found Zetagem's Weapon Boutique.
  4727 | D:5      | Reached skill level 9 in Ranged Weapons
  4985 | D:5      | Found a basalt altar of Yredelemnul.
  5121 | D:5      | Reached * piety under Dithmenos
  5198 | D:6      | Noticed Duvessa
  5198 | D:6      | Noticed Dowan
  5529 | D:6      | Reached XP level 9. HP: 23/55 MP: 10/10
  5703 | D:6      | Reached skill level 10 in Ranged Weapons
  5778 | D:6      | Killed Dowan
  5883 | D:6      | Gained mutation: Your body sometimes deteriorates upon
                  | taking damage. [potion of mutation]
  5883 | D:6      | Gained mutation: You occasionally lose the ability to drink
                  | potions when taking damage. [potion of mutation]
  5883 | D:6      | Gained mutation: Armour fits poorly on your strangely
                  | shaped body. [potion of mutation]
  5883 | D:6      | Gained mutation: You are partially covered in large bone
                  | plates. (SH +4) [potion of mutation]
  6074 | D:6      | Found a glowing golden altar of the Shining One.
  6285 | D:6      | Killed Duvessa
  6420 | D:6      | Found a hide-covered altar of Uskayaw.
  6426 | D:6      | Found a stormy altar of Qazlal.
  7079 | D:7      | Found a radiant altar of Vehumet.
  7197 | D:7      | Reached skill level 11 in Ranged Weapons
  7353 | D:7      | Reached ** piety under Dithmenos
  7854 | D:7      | Found a hazy altar of Hepliaklqana.
  7870 | D:7      | Noticed Joseph
  7889 | D:7      | Killed Joseph
  7890 | D:7      | Reached XP level 10. HP: 45/63 MP: 11/11
  8004 | D:7      | Found a runed translucent door.
  8007 | D:7      | Noticed Crazy Yiuf
  8275 | D:5      | Bought a +2 demon blade of venom for 360 gold pieces
  8392 | D:7      | Noticed Menkaure
  8398 | D:7      | Killed Menkaure
  8450 | D:7      | Reached skill level 1 in Long Blades
  8836 | D:7      | Found a runed translucent door.
  8837 | D:7      | Found a runed translucent door.
  8837 | D:7      | Noticed a brown ugly thing
  8838 | D:7      | Found a runed translucent door.
  8853 | D:7      | Got a ragged book
  9965 | D:7      | Reached skill level 12 in Ranged Weapons
 10820 | D:8      | Found an ornate altar of the Wu Jian Council.
 10929 | D:8      | Noticed Maggie
 10992 | D:8      | Killed Maggie
 11285 | D:9      | Found an ancient bone altar of Kikubaaqudgha.
 11388 | D:9      | Reached *** piety under Dithmenos
 11414 | D:9      | Reached skill level 1 in Armour
 11446 | D:9      | Noticed a tengu warrior
 11485 | D:9      | Reached skill level 5 in Long Blades
 11574 | D:9      | Reached XP level 11. HP: 68/68 MP: 12/12
 11683 | D:9      | Noticed a cyclops
 11683 | D:9      | Noticed a deep elf knight
 11715 | D:9      | Killed from afar by a deep elf knight

Illustrated notes

Levels and vault maps discovered:
D:1:      tarquinn_simple_flora_water_b, layout_rooms, serial_shops, shop,
          chequers_hall_statues_y
D:2:      layout_basic, uniq_robin
D:3:      layout_basic, nemelex_spade_bored_becter,
          nicolae_elyvilon_peaceful_grove, ebering_ecumenical_altar_sacrificial,
          gammafunk_ghost_mausoleum
D:4:      layout_basic, lemuel_doored_altar, grunt_gozag_statues,
          temple_doors_cd, nicolae_ossuary_entry_catacombs
D:5:      layout_rooms, lemuel_mausoleum_altar_yredelemnul, serial_shops, shop,
          shop, shop, shop
D:6:      layout_gridville, mainiacjoe_overflow_small_starburst,
          nicolae_overflow_hidden_temple, uniq_duvessa
D:7:      minmay_the_grid_triangle_9x9_rhombus_full
          [minmay_the_grid_triangle_9x9_impossible_snake,
          minmay_the_grid_triangle_9x9_tough_junction,
          minmay_the_grid_triangle_9x9_pentomino_pain,
          minmay_the_grid_triangle_9x9_wacky_v,
          minmay_the_grid_triangle_9x9_fully_insulated_deathbox,
          minmay_the_grid_triangle_9x9_windchime,
          minmay_the_grid_triangle_9x9_thin_v,
          minmay_the_grid_triangle_9x9_prize_special], layout_layer_cave,
          general_overflow_altar, nicolae_overflow_crystal_walls,
          uniq_crazy_yiuf_cottage, uniq_menkaure, uniq_joseph
D:8:      layout_rooms, nicolae_wu_jian_wuxing_cycle, kennysheep_generic_room_4,
          uniq_maggie
D:9:      nzn_winding_woodlands_large [nzn_winding_woodlands_5x5_default,
          nzn_winding_woodlands_5x15_river_crossing,
          nzn_winding_woodlands_5x5_cross, nzn_winding_woodlands_center_lodge,
          nzn_winding_woodlands_15x15_boxy_spiral,
          nzn_winding_woodlands_center_pierced_h,
          nzn_winding_woodlands_5x5_three,
          nzn_winding_woodlands_5x15_lazy_stream,
          nzn_winding_woodlands_5x5_closed_star], layout_long_grid,
          lemuel_crystal_altar, minmay_lair_entry_grove,
          gammafunk_ghost_nasty_kobolds, uniq_erica, uniq_grum
Temple:   nicolae_temple_bog_church

Skill      XL: |  1  2  3  4  5  6  7  8  9 10 |
---------------+-------------------------------+-----
Ranged Weapons | 5 6 7 8 9 11 12 | 12.2
Dodging        | 3 4 5 6 8 9 |  9.1
Fighting       | 3 4 5 7 8 |  8.2
Long Blades    | 5 |  5.5
Armour         | 1 |  1.9
Stealth        | |  1.0

Action                     |  1- 3 |  4- 6 |  7- 9 | 10-12 || total
---------------------------+-------+-------+-------+-------++-------
  Melee: Demon blade       |       |       |       |   157 ||   157
         Kick              |       |       |       |    61 ||    61
         Peck              |       |       |       |    39 ||    39
         Punch             |       |       |       |     1 ||     1
   Fire: Shortbow          |   107 |   244 |   586 |    16 ||   953
    Use: Scroll            |       |     4 |     5 |     1 ||    10
         Potion            |       |     1 |     8 |       ||     9
   Stab: Sleeping          |       |       |       |     2 ||     2
 Armour: Leather armour    |    22 |    59 |   132 |    45 ||   258
         Skin              |       |       |    28 |       ||    28
         Swamp dragon scal |       |       |       |    24 ||    24
  Dodge: Dodged            |    26 |    77 |   374 |   223 ||   700
  Block: Other             |       |       |    13 |    38 ||    51

Table legend: (Time is in decaauts)
 A = Elapsed time spent in this place.
 B = Non-inter-level travel time spent in this place.
 C = Inter-level travel time spent in this place.
 D = Time resting spent in this place.
 E = Time spent auto-exploring this place.
 F = Levels seen in this place.
 G = Mean time per level.
                   A        B        C        D        E       F      G
               +--------+--------+--------+--------+--------+-----+--------+
         Total |  11803 |  10628 |   1175 |   1507 |   6522 |  11 | 1073.0 |
       Dungeon |  11132 |   9995 |   1137 |   1395 |   6268 |   9 | 1236.9 |
        Temple |     40 |      2 |     38 |      0 |      0 |   1 |   40.0 |
       Ossuary |    630 |    630 |      0 |    112 |    254 |   1 |  630.0 |
               +--------+--------+--------+--------+--------+-----+--------+

Top non-repeatable levels by time:
     D:7: 3274 daAuts
     D:6: 1765 daAuts
     D:4: 1315 daAuts
     D:2: 1270 daAuts
     D:5: 1172 daAuts
     D:3: 713 daAuts
     D:8: 663 daAuts
 Ossuary: 630 daAuts
     D:1: 486 daAuts
     D:9: 469 daAuts
  Temple: 40 daAuts
